 Dungeon Crawl Stone Soup version 0.21-a0-513-gdcb3f5e (webtiles) character file.

149 theanonym the Cudgeler (level 5, 0/50 HPs)
             Began as an Ogre Artificer on Dec 1, 2017.
             Succumbed to a killer bee's poison
             ... on level 4 of the Dungeon.
             The game lasted 00:05:02 (4272 turns).

theanonym the Cudgeler (Ogre Artificer)             Turns: 4272, Time: 00:05:03

Health: 0/50       AC:  3    Str: 26    XL:     5   Next: 31%
Magic:  6/6        EV: 10    Int: 17    God:
Gold:   133        SH:  0    Dex:  9    Spells: 4/4 levels left

rFire    . . .     SeeInvis .   y - +0 flail
rCold    . . .     Gourm    .   (no shield)
rNeg     . . .     Faith    .   t - +0 robe
rPois    .         Spirit   .   (helmet restricted)
rElec    .         Reflect  .   (no cloak)
rCorr    .         Harm     .   (gloves unavailable)
MR       .....                  (boots unavailable)
Stlth    +.........             (no amulet)
HPRegen  0.16/turn              (no ring)
MPRegen  0.10/turn              s - +4 ring of strength

@: mighty, brilliant, lethally poisoned (0 -> -9), very slightly contaminated,
hasted, very quick
A: large, unfitting armour, tough skin 1
a: no special abilities


Innate Abilities, Weirdness & Mutations

You are too large for most types of armour.
You have tough skin. (AC +1)


   Skills:
 - Level 2.3 Fighting
   Level 0.8 Short Blades
 + Level 4.1 Maces & Flails
 - Level 1.7 Dodging
 - Level 0.6 Stealth
 - Level 2.4 Evocations


You had 4 spell levels left.
You didn't know any spells.

Skill      XL: |  1  2  3  4  5 |
---------------+----------------+-----
Fighting       | 2 |  2.3
Maces & Flails | 1 2 3 4 |  4.1
Short Blades   | |  0.8
Dodging        | |  1.7
Stealth        | |  0.6
Evocations     | |  2.4

Action                   |  1- 3 |  4- 6 || total
-------------------------+-------+-------++-------
Melee: Short sword       |    18 |       ||    18
       Club              |   103 |       ||   103
       Mace              |    62 |    33 ||    95
       Flail             |       |    72 ||    72
       Unarmed           |       |     2 ||     2
Evoke: Wand              |       |     9 ||     9
  Use: Potion            |       |     6 ||     6
       Scroll            |       |     3 ||     3
 Stab: Distracted        |     1 |       ||     1
       Invisible         |       |     1 ||     1
  Eat: Chunk             |     5 |     6 ||    11
Armor: Robe              |    60 |    29 ||    89
Dodge: Dodged            |   121 |   111 ||   232

Inventory:

Hand Weapons
 y - a +0 flail (weapon)
   (You took it off an orc on level 3 of the Dungeon)
Armour
 t - a +0 robe (worn)
Jewellery
 s - a +4 ring of strength (right hand)
   (You found it on level 2 of the Dungeon)
Wands
 c - a wand of flame (15)
 d - a wand of enslavement (15)
 e - a wand of random effects (15)
 u - a wand of disintegration (10)
   (You found it on level 2 of the Dungeon)
 x - a wand of polymorph (17)
   (You took it off Terence on level 3 of the Dungeon)
Scrolls
 b - a scroll of blinking
 m - a scroll of fear {unknown}
 p - a scroll of remove curse
 r - a scroll of identify
 w - a scroll of teleportation {unknown}
 B - a scroll of amnesia {unknown}
Comestibles
 f - 3 bread rations
 g - 2 fruits
 i - 6 chunks of flesh
 j - 2 meat rations
 v - a royal jelly

Dungeon Overview and Level Annotations

Branches:
Dungeon (4/15)
 Temple: D:4-7

Altars:


You were on level 4 of the Dungeon.
You were not hungry.

You visited 1 branch of the dungeon, and saw 4 of its levels.

You collected 133 gold pieces.


Message History

Some of the chunks of flesh in your inventory have rotted away.
There is a stone staircase leading down here.
You climb downwards.
An orc comes into view. It is wielding a short sword.
There is a stone staircase leading up here.
An orc is nearby!
An orc is nearby!
An orc is nearby!
An orc is nearby!
The orc shouts!
You hit the orc. The orc barely misses you.
You sock the orc!
You kill the orc!
No target in view!
No target in view!
Things that are here:
a short sword; a leather armour; an orc corpse You butcher the orc corpse.
i - 6 chunks of flesh (gained 2)
Things that are here:
a short sword; a leather armour; an orc skeleton
Things that are here:
a short sword; a leather armour; an orc skeleton
Found a leather armour.
A killer bee comes into view.
The killer bee buzzes angrily.
A killer bee comes into view.
There are monsters nearby!
There are monsters nearby!
There are monsters nearby!
A killer bee comes into view.
The killer bee buzzes angrily.
A killer bee comes into view.
A killer bee and a howler monkey come into view.
The killer bee buzzes angrily. x2
The killer bee closely misses you. x2; The howler monkey moves out of view.
You miss the killer bee.
The killer bee buzzes angrily.
The killer bee closely misses you. The killer bee stings you.
The killer bee closely misses you. x2
You take 5 damage, and have 45/50 hp.
As you read the scroll labeled GESKAVV GUDIUNT, it crumbles to dust.
It is a scroll of identify.
t - 2 scrolls of blinking;
b - 2 scrolls of blinking;
t - a +0 robe (worn)
r - a scroll of identify The killer bee completely misses you.
The killer bee stings you.
You are poisoned.
The killer bee poisons you! The killer bee stings you!
You take 12 damage, and have 33/50 hp.
MASSIVE DAMAGE!!
You feel very mighty all of a sudden.
You feel sick.
The killer bee stings you but does no damage.
The killer bee stings you. The killer bee misses you.
You take 4 damage, and have 29/50 hp.
You feel sick. The killer bee completely misses you. The killer bee misses you.
The killer bee closely misses you. The killer bee stings you.
* * * LOW HITPOINT WARNING * * *
You take 6 damage, and have 23/50 hp.
The killer bee barely misses you.
The howler monkey hoots and howls with incredible vigour!
You hear a shout!
You hear an angry hiss.
You sock the killer bee!
You feel sick.
The killer bee stings you but does no damage.
The killer bee closely misses you. The killer bee stings you!
* * * LOW HITPOINT WARNING * * *
You are more poisoned.
The killer bee poisons you!
You take 7 damage, and have 16/50 hp.
Okay, then.
Unknown command.
You barely miss the killer bee.
You feel sick. The killer bee stings you.
* * * LOW HITPOINT WARNING * * *
The killer bee misses you.
You take 2 damage, and have 14/50 hp.
It was a potion of haste.
You feel yourself speed up.
You feel sick. The killer bee stings you!
* * * LOW HITPOINT WARNING * * *
The killer bee stings you but does no damage.
The howler monkey hoots and howls with incredible vigour!
You hear a shout! x3; You hear an angry hiss.
You take 11 damage, and have 3/50 hp.
MASSIVE DAMAGE!!
It was a potion of brilliance.
You feel clever all of a sudden.
* * * LOW HITPOINT WARNING * * *
You feel sick. The killer bee barely misses you. x2
You take 1 damage, and have 2/50 hp.
Blink to where?
You are very lightly contaminated with residual magic.
As you read the scroll of blinking, it crumbles to dust.
* * * LOW HITPOINT WARNING * * *
You feel sick.
A scorpion comes into view.
You take 1 damage, and have 1/50 hp.
Okay, then.
You aren't carrying any potions.
Okay, then.
Unknown command.
Okay, then.
Okay, then.
You die...

#. #s# #.. ...
#.# #.# #
#.###.######.##.#
#.....@..<.......
#####.###.#####.#
........###.#
#####.....#)#
#.....#.#####.#.
#.............[.
#.....#..#######
#.....#..#
##y####..#


You could see a scorpion (wandering).

Notes
Turn   | Place    | Note
-------+----------+-------------------------------------------
     0 | D:1      | theanonym the Ogre Artificer began the quest for the Orb.
     0 | D:1      | Reached XP level 1. HP: 19/19 MP: 2/2
    66 | D:1      | Reached skill level 2 in Fighting
   230 | D:1      | Reached XP level 2. HP: 27/29 MP: 3/3
   251 | D:1      | Reached skill level 1 in Maces & Flails
   732 | D:1      | Reached XP level 3. HP: 32/36 MP: 4/4
   952 | D:2      | Reached skill level 2 in Maces & Flails
   996 | D:2      | HP: 18/36 [hobgoblin/club (1)]
  1002 | D:2      | HP: 14/36 [hobgoblin/club (1)]
  2134 | D:2      | HP: 16/36 [quokka (3)]
  2525 | D:3      | HP: 18/36 [poisoned by an adder]
  2526 | D:3      | Reached XP level 4. HP: 22/44 MP: 5/5
  2530 | D:3      | HP: 21/44 [poisoned by an adder]
  2537 | D:3      | HP: 20/44 [poisoned by an adder]
  2545 | D:3      | HP: 19/44 [poisoned by an adder]
  2755 | D:3      | Noticed Terence
  2796 | D:3      | Reached skill level 3 in Maces & Flails
  2805 | D:3      | Killed Terence
  3121 | D:3      | HP: 22/44 [poisoned by an adder]
  3125 | D:3      | Reached XP level 5. HP: 21/50 MP: 6/6
  3126 | D:3      | HP: 20/50 [poisoned by an adder]
  3132 | D:3      | HP: 16/50 [poisoned by an adder]
  3137 | D:3      | HP: 14/50 [poisoned by an adder]
  3143 | D:3      | HP: 13/50 [poisoned by an adder]
  3151 | D:3      | HP: 13/50 [poisoned by an adder]
  3499 | D:3      | HP: 25/50 [poisoned by an adder]
  3504 | D:3      | Reached skill level 4 in Maces & Flails
  3504 | D:3      | HP: 14/50 [poisoned by an adder]
  3510 | D:3      | HP: 11/50 [poisoned by an adder]
  3515 | D:3      | HP: 9/50 [poisoned by an adder]
  3522 | D:3      | HP: 9/50 [poisoned by an adder]
  3530 | D:3      | HP: 8/50 [poisoned by an adder]
  4265 | D:4      | HP: 23/50 [killer bee (5)]
  4269 | D:4      | HP: 3/50 [killer bee (10)]
  4271 | D:4      | HP: 1/50 [poisoned by a killer bee]
  4272 | D:4      | Succumbed to a killer bee's poison

Vanquished Creatures
  Terence (D:3)
  4 adders (D:3)
  A dart slug (D:1)
  2 worms (D:2)
  9 orcs
  4 giant cockroaches
  5 goblins
  4 hobgoblins
  11 jackals
  2 kobolds (D:1)
  3 quokkas
  8 bats
  4 frilled lizards
  8 rats
66 creatures vanquished.
